 Dungeon Crawl Stone Soup version 0.24-a0-613-g1ff6aac338 (webtiles) character file.

Game seed: 5514270120245824437, levelgen mode: deterministic

12910 Jorund the Fighter (level 12, -6/96 HPs)
             Began as a Gnoll Wanderer on Sept 11, 2019.
             Was a High Priest of Okawaru.
             Mangled by a sun demon (26 damage)
             ... summoned by an obsidian statue
             ... in a Gauntlet.
             The game lasted 00:46:44 (15578 turns).

Jorund the Fighter (Gnoll Wanderer)                Turns: 15578, Time: 00:46:45

Health: -6/96      AC: 11    Str: 20    XL:     12   Next: 0%
Magic:  16/23      EV: 20    Int: 17    God:    Okawaru [*****.]
Gold:   541        SH:  0    Dex: 17    Spells: 20/25 levels left

rFire    + + .     SeeInvis .   b - +2 trident (freeze)
rCold    + + .     Gourm    .   (no shield)
rNeg     . . .     Faith    +   K - +3 leather armour "Cosmaq" {rC+}
rPois    +         Spirit   .   (no helmet)
rElec    +         Reflect  .   (no cloak)
rCorr    +         Harm     .   P - +0 pair of gloves {Dex+3}
MR       .....     NoTele   +   y - +1 pair of boots
Stlth    ++++......             A - amulet of faith
HPRegen  0.26/turn              g - ring of protection from fire
MPRegen  0.18/turn              C - ring "Faefeih" {Slay+3 Stlth-}

@: resistant, heroism, finesse, hasted, very quick
A: distributed training, fangs 1, agile 1, strong nose
a: Heroism, Finesse, Renounce Religion


You were in a Gauntlet.
You worshipped Okawaru.
Okawaru was extremely pleased with you.
You were not hungry.

You visited 2 branches of the dungeon, and saw 14 of its levels.
You also visited: Gauntlet.

You collected 744 gold pieces.
You spent 203 gold pieces at shops.

Inventory:

Hand Weapons
 a - a +2 hand axe of venom
 b - a +2 trident of freezing (weapon)
 d - a +0 shortbow
Missiles
 i - 419 stones
 p - 212 arrows
 r - 69 poisoned darts (quivered)
 u - 101 bolts
 z - 3 javelins
 F - 2 datura-tipped darts
 N - 2 throwing nets
Armour
 y - a +1 pair of boots (worn)
 K - the +3 leather armour "Cosmaq" (worn) {rC+}
   (You bought it in a shop on level 6 of the Dungeon)

   It protects you from cold.
 P - a +0 pair of gloves of dexterity (worn)
 S - a +0 ring mail of positive energy
Magical Staves
 G - an uncursed staff of power {unknown}
Jewellery
 g - a ring of protection from fire (left hand)
 v - an uncursed ring of magical power
 w - an uncursed amulet of guardian spirit {unknown}
 x - an uncursed ring of protection from cold
 A - an amulet of faith (around neck)
 C - the ring "Faefeih" (right hand) {Slay+3 Stlth-}
   (You found it on level 1 of the Lair of Beasts)

   [ring of attention]

   It affects your accuracy and damage with ranged weapons and melee attacks
   (+3).
   It makes you less stealthy.
 R - the ring of Zizaiwar {rPois MR+ Str+3, unknown}
   (You found it in a Gauntlet)

   [ring of protection from magic]

   It affects your strength (+3).
   It protects you from poison.
   It affects your resistance to hostile enchantments.
Wands
 e - a wand of enslavement (4)
 j - a wand of digging (4)
 J - a wand of paralysis (4)
 L - a wand of iceblast (5)
 M - a wand of random effects (37)
 Q - a wand of flame (8)
Scrolls
 m - a scroll of magic mapping
 n - a scroll of amnesia
 o - 3 scrolls of remove curse
 t - 4 scrolls of teleportation
 D - 2 scrolls of immolation
 T - a scroll of blinking
Potions
 c - 2 potions of lignification
 h - 2 potions of agility
 l - a potion of haste
 q - a potion of mutation
 s - 3 potions of brilliance
 B - a potion of curing
 E - a potion of cancellation
 H - a potion of magic {unknown}
 I - a potion of flight {unknown}
 O - a potion of degeneration {unknown}
Comestibles
 f - 19 rations


   Skills:
 + Level 9.4(14.4) Fighting
 + Level 6.7(11.7) Short Blades
 + Level 6.7(11.7) Long Blades
 + Level 6.7(11.7) Axes
 + Level 6.7(11.7) Maces & Flails
 + Level 6.7(11.7) Polearms
 + Level 8.2(13.2) Staves
 + Level 6.7(11.7) Slings
 + Level 6.7(11.7) Bows
 + Level 6.7(11.7) Crossbows
 + Level 8.2(13.2) Throwing
 + Level 6.7(11.7) Armour
 + Level 6.7(11.7) Dodging
 + Level 6.7(11.7) Stealth
 + Level 6.7(11.7) Shields
 + Level 6.7(11.7) Unarmed Combat
 + Level 7.3 Spellcasting
 + Level 5.5 Conjurations
 + Level 5.5 Hexes
 + Level 6.8 Charms
 + Level 5.5 Summonings
 + Level 5.5 Necromancy
 + Level 5.5 Translocations
 + Level 5.5 Transmutations
 + Level 5.5 Fire Magic
 + Level 5.5 Ice Magic
 + Level 5.5 Air Magic
 + Level 5.5 Earth Magic
 + Level 5.5 Poison Magic
 + Level 7.3 Invocations
 + Level 6.7 Evocations


You had 20 spell levels left.
You knew the following spells:

 Your Spells              Type           Power        Failure   Level  Hunger
a - Flame Tongue          Conj/Fire      ####.        1%          1    None
b - Confuse               Hex            ####....     3%          3    ##.....
c - Confusing Touch       Hex            ####..       1%          1    None

Your spell library contained the following spells:

 Spells                   Type           Power        Failure   Level  Hunger
 Beastly Appendage        Tmut           ####..       1%          1    None
 Sticks to Snakes         Tmut           ####....     1%          2    None
 Gell's Gravitas          Tloc           ####......   3%          3    ##.....
 Ignite Poison            Fire/Tmut/Pois ####....     3%          3    ##.....
 Spider Form              Tmut/Pois      ####......   3%          3    ##.....
 Ice Form                 Ice/Tmut       ####....     13%         4    ####...
 Petrify                  Tmut/Erth      ####....     13%         4    ####...
 Blade Hands              Tmut           ####......   34%         5    #####..
 Metabolic Englaciation   Hex/Ice        ####......   34%         5    #####..
 Yara's Violent Unravell  Hex/Tmut       ####......   34%         5    #####..


Dungeon Overview and Level Annotations

Branches:
Dungeon (10/15)            Temple (0/1) D:6            Lair (4/6) D:8
 Shoals (0/4) Lair:2        Snake (0/4) Lair:2      Gauntlet (1/1)
    Orc: D:9-12

Altars:
Ashenzari
Cheibriados
Elyvilon
Fedhas
Kikubaaqudgha
Makhleb
Okawaru
Qazlal
Ru
Sif Muna
Trog
Uskayaw
Wu Jian
Xom
Yredelemnul

Shops:
D:6 [   D:7 *   D:8 *

Annotations:
D:8 1 runed translucent door
Lair:2 exclusion: hydra
Lair:3 Urug Gauntlet 13 transporters, 21 runed translucent doors, exclusion: obsidian statue


Innate Abilities, Weirdness & Mutations

Your experience applies equally to all skills.
You have very sharp teeth.
Your uncanny sense of smell can sniff out nearby items.
You are agile. (Dex +2)


Message History

Okay, then.
You gain the combat prowess of a mighty hero.
The sun demon closely misses you. The ice devil misses you.
The shadow imp summons a swarm of flies.
The neqoxec barely misses you.
You can now deal lightning-fast blows.
The sun demon hits you!
* * * LOW HITPOINT WARNING * * *
You are engulfed in flames.
You resist.
* * * LOW HITPOINT WARNING * * *
The spectral black mamba enters a dispersal trap!
The spectral seven-headed hydra blinks!
The death scarab blinks! x2
The spectral black mamba blinks!
The ice devil misses you.
You feel better.
You break out of your daze.
The neqoxec misses you.
The obsidian statue's eyes glow briefly.
The obsidian statue attempts to bespell you!
You resist. The sun demon hits you!!
You die...

.....#.#.#.....#.#.#..........#8#
.....#.##....xXx##.#..........###
######.###########.#########.....
.......#.........#........©#.....
######.###########.#############.
#©##.#.#.........#.#.#..s......#.
##.#.#.#.#.....#.#.#.#...P..P^.#.
5#.#.#.#..##.##33#.#.#..#P..#..#.
.#.#.#.#..##.##.@#.#.#s§PP.P.P.#.
.#5#.#©#..#.©.#84#©#.#§Z..©....#.
.#.#.###..##.##55###.#^...^PPP.##
...#...#..##.##..#...#..#.PP#P.#©
#..#...#.#.....#.#...#^.....^P^##
...#...#.........#...#.Z!?©[...#.
####...###########...###########.
.....≈.............§§§...........
....≈8≈...........≈8≈............


You could see an obsidian statue, a sun demon, a thrashing horror, an ice devil,
a spectral black mamba, a spectral seven-headed hydra, a neqoxec, a death
scarab, 2 small abominations, a quasit and a shadow imp.

Vanquished Creatures
  2 hydras
  Pikel (D:4)
  3 black mambas
  2 spiny frogs
  2 komodo dragons
  A queen bee (D:9)
  3 hippogriffs
  Sigmund (D:6)
  3 yaks (Lair:3)
  2 wyverns
  A basilisk (Lair:3)
  4 porcupines
  4 water moccasins
  2 ice beasts
  2 orc warriors
  2 phantoms (D:4)
  2 sky beasts
  2 slaves (D:4)
  2 black bears
  4 ogres
  9 centaurs
  A crocodile (Lair:1)
  11 bullfrogs
  7 scorpions
  31 killer bees
  8 howler monkeys
  2 centaur zombies
  5 crimson imps
  3 bullfrog skeletons
  7 orc priests
  A jelly (D:7)
  2 hounds
  9 orc wizards
  An iguana (D:7)
  17 worker ants
  A hell rat (D:8)
  Ijyb (D:2)
  A killer bee zombie (D:9)
  A hound skeleton (D:5)
  A mummy (D:9)
  A worker ant zombie (D:5)
  A howler monkey skeleton (D:5)
  3 gnolls (D:9)
  9 adders
  3 river rats (D:8)
  3 shadow imps
  An adder zombie (D:6)
  4 worms
  2 adder skeletons
  5 dart slugs
  3 leopard geckos
  47 orcs
  11 giant cockroaches
  18 goblins
  11 hobgoblins
  18 jackals
  7 kobolds
  4 quokkas
  2 ball pythons
  5 bats
  6 frilled lizards
  A leopard gecko zombie (D:5)
  9 rats
338 creatures vanquished.

Vanquished Creatures (others)
  An orc wizard (D:4)
  2 goblins (D:4)
  A hobgoblin (D:4)
  18 withered plants (Gauntlet)
22 creatures vanquished.

Grand Total: 360 creatures vanquished

Notes
Turn   | Place    | Note
-------+----------+-------------------------------------------
     0 | D:1      | Jorund the Gnoll Wanderer began the quest for the Orb.
     0 | D:1      | Jorund set off with the following items: a +2 dagger, 3
                  | curare-tipped darts, a +0 robe, a ration; and the following
                  | spell memorised: Flame Tongue; and the following spells
                  | available to memorise: Ignite Poison
     0 | D:1      | Reached XP level 1. HP: 23/23 MP: 4/4
    54 | D:1      | Reached XP level 2. HP: 13/29 MP: 5/5
   604 | D:1      | Reached XP level 3. HP: 32/35 MP: 7/7
  1366 | D:2      | Found a hide-covered altar of Uskayaw.
  1398 | D:2      | Found a shimmering altar of Xom.
  1401 | D:2      | Reached skill level 1 in Invocations
  1430 | D:2      | Found a basalt altar of Yredelemnul.
  1433 | D:2      | Found a sacrificial altar of Ru.
  1434 | D:2      | Found a shattered altar of Ashenzari.
  1436 | D:2      | Found a burning altar of Makhleb.
  1471 | D:2      | Reached skill level 1 in Short Blades
  1471 | D:2      | Reached skill level 1 in Long Blades
  1471 | D:2      | Reached skill level 1 in Axes
  1471 | D:2      | Reached skill level 1 in Maces & Flails
  1471 | D:2      | Reached skill level 1 in Polearms
  1471 | D:2      | Reached skill level 1 in Slings
  1471 | D:2      | Reached skill level 1 in Bows
  1471 | D:2      | Reached skill level 1 in Crossbows
  1471 | D:2      | Reached skill level 1 in Armour
  1471 | D:2      | Reached skill level 1 in Dodging
  1471 | D:2      | Reached skill level 1 in Stealth
  1471 | D:2      | Reached skill level 1 in Shields
  1471 | D:2      | Reached skill level 1 in Unarmed Combat
  1471 | D:2      | Reached skill level 1 in Evocations
  1681 | D:2      | Reached XP level 4. HP: 24/41 MP: 8/8
  1804 | D:2      | Noticed Ijyb
  1852 | D:2      | Killed Ijyb
  1852 | D:2      | Reached skill level 1 in Conjurations
  1852 | D:2      | Reached skill level 1 in Hexes
  1852 | D:2      | Reached skill level 1 in Summonings
  1852 | D:2      | Reached skill level 1 in Necromancy
  1852 | D:2      | Reached skill level 1 in Translocations
  1852 | D:2      | Reached skill level 1 in Transmutations
  1852 | D:2      | Reached skill level 1 in Fire Magic
  1852 | D:2      | Reached skill level 1 in Ice Magic
  1852 | D:2      | Reached skill level 1 in Air Magic
  1852 | D:2      | Reached skill level 1 in Earth Magic
  1852 | D:2      | Reached skill level 1 in Poison Magic
  1989 | D:2      | Found a shimmering blue altar of Sif Muna.
  2417 | D:3      | Found a stormy altar of Qazlal.
  2433 | D:3      | Reached XP level 5. HP: 47/47 MP: 9/9
  3063 | D:4      | Noticed a phantom
  3093 | D:4      | Noticed a phantom
  3096 | D:4      | Killed a phantom
  3096 | D:4      | Reached XP level 6. HP: 26/53 MP: 10/10
  3326 | D:4      | Noticed a slave
  3409 | D:4      | Killed a phantom
  3409 | D:4      | Reached skill level 5 in Staves
  3409 | D:4      | Reached skill level 5 in Throwing
  3717 | D:4      | Found a white marble altar of Elyvilon.
  3719 | D:4      | Found an iron altar of Okawaru.
  3822 | D:4      | Noticed a sky beast
  3829 | D:4      | Killed a sky beast
  3829 | D:4      | Reached skill level 7 in Fighting
  3829 | D:4      | Reached XP level 7. HP: 46/60 MP: 12/12
  3831 | D:4      | Found an ancient bone altar of Kikubaaqudgha.
  3957 | D:4      | Noticed Pikel
  3978 | D:4      | Killed Pikel
  3978 | D:4      | Reached XP level 8. HP: 27/67 MP: 12/14
  4288 | D:5      | Entered Level 5 of the Dungeon
  4468 | D:4      | Became a worshipper of Warmaster Okawaru
  5117 | D:5      | Reached * piety under Okawaru
  5749 | D:5      | Reached XP level 9. HP: 62/72 MP: 14/16
  5958 | D:5      | Reached skill level 5 in Charms
  6149 | D:6      | Noticed Sigmund
  6154 | D:6      | Killed Sigmund
  6154 | D:6      | Reached ** piety under Okawaru
  6160 | D:6      | Reached skill level 5 in Spellcasting
  6285 | D:6      | Found Ded Gym's Antique Armour Shoppe.
  6301 | D:6      | Bought a faintly glowing leather armour for 203 gold pieces
  6311 | D:6      | Identified the +3 leather armour "Cosmaq" {rC+} (You bought
                  | it in a shop on level 6 of the Dungeon)
  6316 | D:6      | Learned a level 3 spell: Confuse
  6361 | D:6      | Found a staircase to the Ecumenical Temple.
  6643 | D:6      | Found a blossoming altar of Fedhas.
  6820 | D:6      | Reached *** piety under Okawaru
  6833 | D:6      | Reached skill level 8 in Fighting
  6884 | D:6      | Found an ornate altar of the Wu Jian Council.
  7203 | D:7      | Reached skill level 5 in Invocations
  7315 | D:7      | Reached XP level 10. HP: 54/80 MP: 18/18
  7768 | D:7      | Reached **** piety under Okawaru
  7798 | D:7      | Found Pimipriv's General Store.
  8137 | D:7      | Found a bloodstained altar of Trog.
  8168 | D:7      | Reached skill level 5 in Short Blades
  8168 | D:7      | Reached skill level 5 in Long Blades
  8168 | D:7      | Reached skill level 5 in Axes
  8168 | D:7      | Reached skill level 5 in Maces & Flails
  8168 | D:7      | Reached skill level 5 in Polearms
  8168 | D:7      | Reached skill level 5 in Slings
  8168 | D:7      | Reached skill level 5 in Bows
  8168 | D:7      | Reached skill level 5 in Crossbows
  8168 | D:7      | Reached skill level 5 in Armour
  8168 | D:7      | Reached skill level 5 in Dodging
  8168 | D:7      | Reached skill level 5 in Stealth
  8168 | D:7      | Reached skill level 5 in Shields
  8168 | D:7      | Reached skill level 5 in Unarmed Combat
  8168 | D:7      | Reached skill level 5 in Evocations
  8604 | D:8      | Noticed a death yak
  8960 | D:8      | Found a runed translucent door.
  9002 | D:8      | Found a runed translucent door.
  9236 | D:8      | Found Fyeluod's General Store.
  9587 | D:8      | Found a staircase to the Lair.
  9587 | D:8      | Noticed a death yak
  9680 | D:9      | Reached ***** piety under Okawaru
  9890 | D:9      | Learned a level 1 spell: Confusing Touch
 10071 | D:9      | Reached XP level 11. HP: 47/87 MP: 20/20
 10659 | D:9      | Found a snail-covered altar of Cheibriados.
 10780 | D:10     | Entered Level 10 of the Dungeon
 11003 | D:10     | Noticed a two-headed ogre
 11086 | D:8      | Noticed a death yak
 11425 | Lair:1   | Entered Level 1 of the Lair of Beasts
 11484 | Lair:1   | Reached skill level 9 in Fighting
 11501 | Lair:1   | HP: 4/89 [poisoned by a spiny frog]
 11507 | Lair:1   | HP: 3/89 [poisoned by a spiny frog]
 11512 | Lair:1   | HP: 2/89 [poisoned by a spiny frog]
 11520 | Lair:1   | HP: 2/89 [poisoned by a spiny frog]
 11881 | Lair:1   | Reached skill level 5 in Conjurations
 11881 | Lair:1   | Reached skill level 5 in Hexes
 11881 | Lair:1   | Reached skill level 5 in Summonings
 11881 | Lair:1   | Reached skill level 5 in Necromancy
 11881 | Lair:1   | Reached skill level 5 in Translocations
 11881 | Lair:1   | Reached skill level 5 in Transmutations
 11881 | Lair:1   | Reached skill level 5 in Fire Magic
 11881 | Lair:1   | Reached skill level 5 in Ice Magic
 11881 | Lair:1   | Reached skill level 5 in Air Magic
 11881 | Lair:1   | Reached skill level 5 in Earth Magic
 11881 | Lair:1   | Reached skill level 5 in Poison Magic
 11900 | Lair:1   | Noticed a five-headed hydra
 11940 | Lair:1   | Noticed an eight-headed hydra
 11962 | Lair:1   | Killed an eight-headed hydra
 12156 | Lair:1   | Got a flickering lead ring
 12212 | Lair:1   | Identified the ring "Faefeih" {Slay+3 Stlth-} (You found it
                  | on level 1 of the Lair of Beasts)
 12657 | Lair:2   | Found a staircase to the Shoals.
 12705 | Lair:2   | Received a gift from Okawaru
 12872 | Lair:2   | Noticed a six-headed hydra
 12910 | Lair:2   | Found a staircase to the Snake Pit.
 13624 | Lair:3   | Noticed a seven-headed hydra
 13646 | Lair:3   | Killed a seven-headed hydra
 13646 | Lair:3   | Reached ****** piety under Okawaru
 14571 | Lair:3   | Noticed Urug
 14848 | Lair:3   | Reached XP level 12. HP: 79/96 MP: 23/23
 15157 | Lair:4   | Found a gate leading to a gauntlet.
 15173 | Gauntlet | Entered a Gauntlet
 15173 | Gauntlet | Found a transporter.
 15173 | Gauntlet | Found a transporter.
 15173 | Gauntlet | Noticed a soul eater
 15177 | Gauntlet | Found a transporter.
 15177 | Gauntlet | Found a transporter.
 15179 | Gauntlet | Found a large runed translucent door.
 15180 | Gauntlet | Found a large runed translucent door.
 15181 | Gauntlet | Found a large runed translucent door.
 15181 | Gauntlet | Found a large runed translucent door.
 15181 | Gauntlet | Found a runed translucent door.
 15181 | Gauntlet | Found a runed translucent door.
 15182 | Gauntlet | Found a large runed translucent door.
 15183 | Gauntlet | Found a large runed translucent door.
 15183 | Gauntlet | Found a large runed translucent door.
 15183 | Gauntlet | Found a large runed translucent door.
 15183 | Gauntlet | Found a large runed translucent door.
 15183 | Gauntlet | Found a large runed translucent door.
 15184 | Gauntlet | Found a large runed translucent door.
 15184 | Gauntlet | Noticed a queen ant
 15185 | Gauntlet | Found a large runed translucent door.
 15185 | Gauntlet | Found a transporter.
 15200 | Gauntlet | Found a large runed translucent door.
 15200 | Gauntlet | Found a large runed translucent door.
 15200 | Gauntlet | Found a large runed translucent door.
 15202 | Gauntlet | Found a runed translucent gate.
 15202 | Gauntlet | Found a runed translucent gate.
 15202 | Gauntlet | Found a runed translucent gate.
 15203 | Gauntlet | Noticed a reaper
 15206 | Gauntlet | Found a transporter.
 15216 | Gauntlet | Found a transporter.
 15216 | Gauntlet | Found a transporter.
 15217 | Gauntlet | Noticed a death scarab
 15221 | Gauntlet | Found a transporter.
 15222 | Gauntlet | Noticed a death scarab
 15245 | Gauntlet | Found a large runed translucent door.
 15247 | Gauntlet | Found a transporter.
 15293 | Gauntlet | Found a transporter.
 15298 | Gauntlet | Found a transporter.
 15313 | Gauntlet | Noticed a thrashing horror
 15315 | Gauntlet | Found a transporter.
 15328 | Gauntlet | Found a transporter.
 15416 | Gauntlet | Found a transporter.
 15432 | Gauntlet | Found a transporter.
 15567 | Gauntlet | Got a pitted tin ring
 15569 | Gauntlet | Gained mutation: You are agile. (Dex +2) [a neqoxec]
 15570 | Gauntlet | Noticed a sun demon
 15578 | Gauntlet | Mangled by a sun demon

Levels and vault maps discovered:
D:1:      dpeg_arrival_lava_temple_mockup, layout_loops_ring
D:2:      kennysheep_the_goblin_king, layout_basic,
          eat_drink_and_be_merry_uskayaw, minitemple, led_sif_pool
D:3:      layout_basic, nicolae_overflow_crystal_walls, first_ration,
          ebering_dispersal_statue_hall
D:4:      layout_cave_pools, lemuel_crystal_altar, overflow_temple_1_default,
          marbit_many_paths, serial_rivers, chequers_serial_rivers_marsh,
          chequers_serial_rivers_large_a, chequers_serial_rivers_small_3,
          chequers_serial_rivers_large_b, minmay_goblin_kobold_house, uniq_pikel
D:5:      layout_rooms, nzn_random_ring
D:6:      layout_loops_ring, fedhas_altar_fruit_tree, kennysheep_little_box,
          minmay_temple_entry_sparse_star, serial_shops, shop, uniq_sigmund
D:7:      layout_loops_ring, serial_shops, shop, trog_butcher_becter
D:8:      lemuel_insect_pit, layout_basic, dpeg_lair_monsters, serial_shops,
          nicolae_shop_trees
D:9:      layout_loops_ring, slow_altar_2, special_room [special_room_bee],
          minmay_misc_feat_tower
D:10:     layout_rooms, blue_anna_alchemist [blue_anna_fruit_fields,
          blue_anna_fruit_fields]
Lair:1:   layout_regular_city, st_stairs_3
Lair:2:   layout_misc_corridors, elwin_shoals_entry_rocks, dummy_snake_entry
Lair:3:   layout_cave_pods, infiniplex_staircase_pool_2, uniq_urug
Lair:4:   layout_roguey, gauntlet_entry_generic, beast_lair_carwin_7
Gauntlet: gammafunk_gauntlet_branching [gammafunk_gauntlet_arena_open,
          gammafunk_gauntlet_arena_spirals, gammafunk_gauntlet_arena_teeth,
          minmay_gauntlet_arena_make_your_own_arena,
          nicolae_gauntlet_arena_blocks, nicolae_gauntlet_arena_x,
          gammafunk_gauntlet_arena_grid, gammafunk_gauntlet_arena_hedges,
          gauntlet_exit_hidden_loot]

Skill      XL: |  1  2  3  4  5  6  7  8  9 10 11 |
---------------+----------------------------------+-----
Invocations    | 1 2 3 4 5 6 7 |  7.3
Short Blades   | 1 2 3 4 5 6 |  6.7
Long Blades    | 1 2 3 4 5 6 |  6.7
Axes           | 1 2 3 4 5 6 |  6.7
Maces & Flails | 1 2 3 4 5 6 |  6.7
Polearms       | 1 2 3 4 5 6 |  6.7
Slings         | 1 2 3 4 5 6 |  6.7
Bows           | 1 2 3 4 5 6 |  6.7
Crossbows      | 1 2 3 4 5 6 |  6.7
Armour         | 1 2 3 4 5 6 |  6.7
Dodging        | 1 2 3 4 5 6 |  6.7
Stealth        | 1 2 3 4 5 6 |  6.7
Shields        | 1 2 3 4 5 6 |  6.7
Unarmed Combat | 1 2 3 4 5 6 |  6.7
Evocations     | 1 2 3 4 5 6 |  6.7
Spellcasting   | 3 4 5 6 7 |  7.3
Conjurations   | 1 2 3 4 5 |  5.5
Hexes          | 1 2 3 4 5 |  5.5
Summonings     | 1 2 3 4 5 |  5.5
Necromancy     | 1 2 3 4 5 |  5.5
Translocations | 1 2 3 4 5 |  5.5
Transmutations | 1 2 3 4 5 |  5.5
Fire Magic     | 1 2 3 4 5 |  5.5
Ice Magic      | 1 2 3 4 5 |  5.5
Air Magic      | 1 2 3 4 5 |  5.5
Earth Magic    | 1 2 3 4 5 |  5.5
Poison Magic   | 1 2 3 4 5 |  5.5
Charms         | 4 5 6 |  6.8
Staves         | 5 6 7 8 |  8.2
Throwing       | 5 6 7 8 |  8.2
Fighting       | 7 8 9 |  9.4

Action                   |  1- 3 |  4- 6 |  7- 9 | 10-12 || total
-------------------------+-------+-------+-------+-------++-------
Melee: Dagger            |   146 |   165 |   475 |       ||   786
       Bite              |    19 |    16 |    52 |    49 ||   136
       Punch             |       |     2 |     9 |    13 ||    24
       Trident           |       |       |    35 |   592 ||   627
 Fire: Hunting sling     |       |    42 |       |       ||    42
       Shortbow          |       |       |       |    60 ||    60
Throw: Dart              |     2 |     2 |     6 |    11 ||    21
       Stone             |       |       |     6 |       ||     6
Invok: Heroism           |       |       |       |     3 ||     3
       Finesse           |       |       |       |     1 ||     1
Evoke: Wand              |       |     6 |    16 |    22 ||    44
  Use: Scroll            |       |     2 |    14 |     8 ||    24
       Potion            |       |     1 |     4 |     8 ||    13
 Stab: Sleeping          |     1 |     4 |     7 |     9 ||    21
       Paralysed         |       |     3 |       |    11 ||    14
       Distracted        |       |       |       |     2 ||     2
  Eat: Chunk             |     2 |     8 |    11 |    10 ||    31
       Ration            |       |       |       |     5 ||     5
Armor: Robe              |    34 |    20 |    37 |       ||    91
       Leather armour    |       |       |    25 |   120 ||   145
       Skin              |       |       |       |    59 ||    59
Dodge: Dodged            |    86 |    95 |   280 |   388 ||   849

Table legend:
 A = Non-vault XP
 B = Vault XP
 C = Vault XP percentage of total XP
 D = Non-vault monster count
 E = Vault monster count
 F = Vault count percentage of total count
                 A         B        C        D         E       F
            +---------+---------+-------+---------+---------+-------
      Total |   13999 |    4444 |  24.1 |     263 |      74 |  22.0
            +---------+---------+-------+---------+---------+-------
        D:1 |      51 |       0 |   0.0 |      33 |       0 |   0.0
        D:2 |      60 |      42 |  41.2 |      23 |       7 |  23.3
        D:3 |      48 |       0 |   0.0 |      21 |       0 |   0.0
        D:4 |     545 |     764 |  58.4 |      17 |       5 |  22.7
        D:5 |     583 |     428 |  42.3 |      18 |      12 |  40.0
        D:6 |    1400 |     223 |  13.7 |      37 |       1 |   2.6
        D:7 |    1192 |     240 |  16.8 |      23 |       4 |  14.8
        D:8 |    1694 |     414 |  19.6 |      40 |      16 |  28.6
        D:9 |    1127 |    1944 |  63.3 |      22 |      28 |  56.0
       D:10 |      72 |       0 |   0.0 |       1 |       0 |   0.0
     Lair:1 |    1703 |     389 |  18.6 |       5 |       1 |  16.7
     Lair:2 |    1784 |       0 |   0.0 |       9 |       0 |   0.0
     Lair:3 |    3740 |       0 |   0.0 |      14 |       0 |   0.0
            +---------+---------+-------+---------+---------+-------
